Map: 亚历山大港 - 天梯版

Players

MaNa - Winner!

  • Race: Protoss Protoss
  • League: Master

SouLeer

  • Race: Zerg Zerg
  • League: Master

Event: WESG 2018 Grand Finals

VOD

Have the link to the VOD?

Description

Time

  • Played on: March 11, 2019, 6:30 a.m.
  • Length: 7:45

All games in this series

Show
View Real Time Build Order
Export as new Build Order

MaNa Protoss - Winner!

Build Orders: 1 Gate Expand, Oracle Opening, Zealot Archon, Archon Drop 

Get SALT Encoding   

  12  0:01  Probe  
  13  0:13  Probe  
  14  0:20  Pylon  
  14  0:25  Probe  
  15  0:34  Probe  
  16  0:42  Probe  
  16  0:44  Gateway  
  17  0:50  Assimilator  
  17  0:51  Probe  
  18  1:00  Probe  
  19  1:08  Probe  
  20  1:27  Nexus  
  20  1:37  Cybernetics Core  
  20  1:40  Probe  
  20  1:45  Assimilator  
  21  1:52  Probe  
  22  1:59  Pylon  
  22  2:04  Probe  
  22  2:07  Adept  
  23  2:17  Probe  
  23  2:21  Stargate  
  26  2:28  Warp Gate  
  26  2:29  Probe  
  27  2:37  Adept  
  27  2:39  Probe  
  27  2:41  Probe  
  31  2:51  Probe  
  31  2:53  Probe, Oracle  
  33  3:03  Probe  
  33  3:05  Probe  
  38  3:12  Gateway  
  38  3:16  Probe  
  39  3:21  Probe, Oracle  
  40  3:30  Probe  
  40  3:33  Probe  
  45  3:36  Assimilator  
  45  3:39  Pylon, Assimilator  
  45  3:42  Probe  
  46  3:50  Robotics Facility  
  46  3:57  Probe x2  
  48  4:09  Probe x2  
  50  4:15  Stalker  
  50  4:16  Twilight Council  
  52  4:18  Pylon  
  52  4:21  Probe  
  50  4:24  Probe  
  50  4:27  Warp Prism  
  51  4:35  Probe  
  51  4:36  Probe  
  55  4:41  Gateway x2  
  55  4:48  Pylon  
  55  4:49  Charge  
  55  4:52  Templar Archives  
  55  5:10  Gateway  
  55  5:11  Gateway  
  55  5:12  Gateway  
  55  5:13  Gateway  
  55  5:26  Nexus  
  55  5:30  Pylon  
  55  5:36  High Templar x4  
  55  5:39  Pylon  
  55  5:40  Archon x2  
  55  5:42  Probe x2  
  65  5:49  Observer  
  66  5:53  Pylon  
  66  5:55  Probe x2  
  68  6:10  Zealot x6  
  80  6:17  Zealot x2  
  84  6:20  Probe x2  
  84  6:31  Zealot x2  
  84  6:32  Zealot, Probe x2  
  86  6:44  Probe  
  81  6:49  Probe x2  
  81  6:53  High Templar  
  81  6:54  High Templar x3  
  89  6:55  Zealot x3  
  89  6:56  Zealot, Probe  
  89  6:59  Archon x2, Probe x2  
  94  7:04  Probe  
  94  7:07  Probe  
  100  7:25  Zealot x4  
  100  7:35  Zealot x4  
Show
View Real Time Build Order
Export as new Build Order

SouLeer Zerg 

Build Orders: Hatch First 

Get SALT Encoding   

  12  0:00  Drone  
  13  0:12  Overlord  
  13  0:17  Drone  
  14  0:31  Drone  
  14  0:32  Drone  
  16  0:50  Hatchery  
  16  0:53  Drone  
  16  0:57  Drone  
  17  1:00  Drone  
  18  1:15  Spawning Pool  
  18  1:18  Drone  
  18  1:20  Extractor  
  18  1:23  Drone  
  18  1:29  Drone  
  19  1:41  Overlord  
  19  1:50  Drone  
  20  2:01  Queen  
  20  2:02  Zergling x2  
  20  2:03  Queen  
  20  2:05  Zergling x2  
  26  2:12  Drone x2  
  28  2:33  Hatchery  
  27  2:37  Metabolic Boost  
  27  2:45  Queen  
  27  2:49  Drone  
  31  2:51  Drone  
  31  2:53  Drone  
  31  2:58  Overlord  
  32  3:01  Drone  
  32  3:04  Drone  
  34  3:07  Drone  
  34  3:08  Drone  
  36  3:19  Drone x2  
  37  3:20  Drone x2  
  37  3:24  Spore Crawler  
  38  3:28  Queen  
  38  3:33  Drone x2  
  42  3:40  Overlord  
  42  3:42  Drone  
  42  3:45  Drone x3  
  42  3:46  Drone  
  47  3:50  Drone  
  48  3:56  Drone  
  48  3:58  Drone x3  
  48  3:59  Drone  
  51  4:09  Drone x3  
  52  4:13  Drone x3  
  52  4:16  Spore Crawler  
  53  4:22  Drone  
  53  4:23  Drone x2  
  53  4:26  Drone x2  
  53  4:31  Drone  
  53  4:36  Lair  
  53  4:37  Drone  
  54  4:41  Spore Crawler  
  54  4:44  Extractor  
  54  4:45  Drone, Extractor  
  51  4:46  Drone  
  53  4:52  Overlord  
  53  4:53  Overlord  
  53  4:54  Overlord  
  53  4:59  Roach Warren  
  52  5:01  Evolution Chamber  
  50  5:15  Drone x9  
  50  5:16  Drone  
  50  5:17  Extractor  
  50  5:18  Drone x2  
  61  5:22  Drone x2  
  61  5:24  Extractor  
  61  5:26  Overlord  
  62  5:29  Zerg Missile Weapons Level 1  
  62  5:32  Overlord  
  62  5:36  Overseer  
  62  5:40  Glial Reconstitution  
  62  5:41  Roach x2  
  66  5:45  Roach  
  66  5:46  Roach  
  70  5:52  Roach x3  
  76  5:58  Roach x3  
  76  6:02  Roach  
  83  6:09  Queen  
  81  6:12  Roach  
  81  6:21  Roach x3  
  78  6:35  Roach x2  
  78  6:36  Roach  
  78  6:37  Ravager  
  77  6:41  Roach x2  
  77  6:46  Roach x2  
  70  6:51  Roach  
  65  6:58  Drone x4  
  69  7:06  Roach  
  69  7:07  Roach  
  74  7:08  Ravager  
  74  7:09  Ravager  
  74  7:10  Ravager  
  74  7:11  Ravager  
  74  7:12  Drone  
  78  7:20  Roach x2  
Tags
 
Add a new tag
Caveats
  • Supply blocks, unpowered buildings, or Contaminate may cause inaccurate times.
  • Supply counts are checked every 10 seconds.